 Dungeon Crawl Stone Soup version 0.30-a0-585-g93115170b9 (webtiles) character file.

Game seed: 15708425942369949392

417 Bnni the Vexing (level 7, 0/51 HPs)
             Began as a Formicid Hexslinger on Jan 2, 2023.
             Engulfed by a cloud of flame (25 damage)
             ... on level 3 of the Dungeon.
             The game lasted 00:03:56 (2118 turns).

Bnni the Vexing (Formicid Hexslinger)               Turns: 2118, Time: 00:03:56

Health: 0/51       AC:  2    Str: 14    XL:     7   Next: 15%
Magic:  6/10       EV: 12    Int: 15    God:
Gold:   124        SH:  0    Dex: 14    Spells: 6/10 levels left

rFire   . . .      SeeInvis +    a - +1 sling
rCold   . . .      Faith    .    (no shield)
rNeg    . . .      Spirit   .    c - +0 robe
rPois   .          Reflect  .    (helmet unavailable)
rElec   .          Harm     .    (no cloak)
rCorr   .          Rampage  .    (no gloves)
Will    .....                    (no boots)
Stlth   +                        (no amulet)
HPRegen 0.28/turn                (no ring)
MPRegen 0.12/turn                (no ring)

@: no status effects
A: permanent stasis, dig shafts and tunnels, antennae 3, four strong arms
a: Dig, Shaft Self


You were on level 3 of the Dungeon.
You visited 1 branch of the dungeon, and saw 3 of its levels.

You collected 124 gold pieces.

Inventory:

Hand Weapons
 a - a +1 sling (weapon)
Armour
 c - a +0 robe (worn)
Jewellery
 p - an amulet of regeneration
Scrolls
 b - a scroll of poison
 f - a scroll of fear {unknown}
 g - a scroll of butterflies {unknown}
 i - a scroll of noise {unknown}
 k - a scroll of magic mapping {unknown}
 l - a scroll of acquirement {unknown}
 m - a scroll of teleportation {unknown}
Potions
 d - a potion of lignification {unknown}
 e - a potion of attraction {unknown}
 h - 2 potions of brilliance {unknown}
 j - a potion of curing {unknown}
 n - 2 potions of heal wounds {unknown}
 o - a potion of flight {unknown}


   Skills:
 + Level 2.7 Fighting
 * Level 4.1 Ranged Weapons
 - Level 1.7 Dodging
 + Level 2.4 Spellcasting
 * Level 5.5 Hexes
 * Level 2.8 Fire Magic


You had 6 spell levels left.
You knew the following spells:

 Your Spells              Type           Power      Damage    Failure   Level
a - Slow                  Hex            72%        N/A       2%          1
b - Inner Flame           Hex/Fire       14%        N/A       12%         3

Your spell library contained the following spells:

 Spells                   Type           Power      Damage    Failure   Level
 Portal Projectile        Hex/Tloc       20%        N/A       21%         3
 Cause Fear               Hex            9%         N/A       22%         4


Dungeon Overview and Level Annotations

Branches:
Dungeon (3/15)

Altars:

Shops:
D:1 :


Innate Abilities, Weirdness & Mutations

You cannot be hasted, slowed, berserked, paralysed or teleported.
You can dig through walls and to a lower floor.
You have a pair of large antennae on your head. (SInv)
Your four strong arms can wield two-handed weapons with a shield.


Message History

Casting: Slow (safe; 2% risk of failure)
Confirm with . or Enter, or press ? or * to list all spells.
Aiming: Inner Flame (dangerous; 14% risk of failure)
Press: ? - help, Dir - move target, f - Sigmund
Aim: Sigmund, wielding a +0 scythe and wearing a +0 robe (chance to affect: 72%) Sigmund is filled with an inner flame.
Sigmund points at you and mumbles some strange words.
The magic dart hits you!
Fire: a) +1 sling
Press: ? - help, Shift-Dir - straight line, f/p - Sigmund
Aim: Sigmund, wielding a +0 scythe and wearing a +0 robe (inner flame, 55% to hit)
You shoot a sling bullet.
The sling bullet closely misses Sigmund.
You shoot a sling bullet.
The sling bullet closely misses Sigmund.
Sigmund hits you from afar with a +0 scythe.
You shoot a sling bullet. The sling bullet hits Sigmund.
Flame seeps out of Sigmund.
Sigmund is moderately wounded.
You shoot a sling bullet. The sling bullet hits Sigmund.
Flame seeps out of Sigmund.
Sigmund is moderately wounded.
Sigmund is engulfed in blazing flames.
Flame seeps out of Sigmund.
Sigmund hits you from afar with a +0 scythe!
You are too injured to fight recklessly!
You are too injured to fight recklessly!
Fire: a) +1 sling
Press: ? - help, Shift-Dir - straight line, f/p - Sigmund
Aim: Sigmund, wielding a +0 scythe and wearing a +0 robe (flame, severely wounded, inner flame, 55% to hit)
You shoot a sling bullet. The sling bullet hits Sigmund.
Flame seeps out of Sigmund.
Sigmund is severely wounded.
Sigmund is engulfed in blazing flames.
Sigmund explodes!
The tree burns like a torch!
Your life force feels restored.
Your Ranged Weapons skill increases to level 4!
You have reached level 7!
You are engulfed in blazing flames.
You die...

#..... #.##.# # ####....# #.
#P...P.@# #.##..≈~~..#
##...~~~§.~.# #####
......§~~~P§# #...#
#.#..~§§§§§##♣§>.♣##
#.##.§§§§P....§@§..#
#.##|#####§#.>§§§<.### #....#
#.#..§§§†.#.# #..###
#.##♣...♣##.# #..# ### #...#
#.# #..# ###.## #.# #..#
#######...####.#
#..####.......[......########
#..##...#####.#####..##.....#


There were no monsters in sight!

Vanquished Creatures
  Grinder (D:3)
  Sigmund (D:3)
  An adder skeleton (D:3)
  2 dart slugs
  9 ball pythons
  4 bats
  6 endoplasms
  A giant cockroach (D:2)
  2 goblins
  8 hobgoblins
  8 kobolds
  5 quokkas
  A frilled lizard (D:2)
  4 rats
53 creatures vanquished.

Notes
Turn   | Place    | Note
-------+----------+-------------------------------------------
     0 | D:1      | Bnni the Formicid Hexslinger began the quest for the Orb.
     0 | D:1      | Reached XP level 1. HP: 15/15 MP: 2/2
   220 | D:1      | Reached XP level 2. HP: 21/21 MP: 3/3
   402 | D:1      | Reached skill level 4 in Hexes
   441 | D:1      | Reached XP level 3. HP: 26/26 MP: 3/5
   489 | D:1      | Learned a level 3 spell: Inner Flame
   597 | D:1      | Found Qamoss's Book Emporium.
  1066 | D:2      | Found a faded altar of an unknown god.
  1233 | D:2      | Reached XP level 4. HP: 32/32 MP: 6/6
  1487 | D:2      | Identified the +1 ring mail "Xocot" {+Blink}
  2018 | D:3      | Noticed Grinder
  2024 | D:3      | Killed Grinder
  2025 | D:3      | Reached skill level 5 in Hexes
  2025 | D:3      | Reached XP level 5. HP: 39/39 MP: 3/8
  2025 | D:3      | Reached XP level 6. HP: 46/46 MP: 3/9
  2030 | D:3      | Noticed Sigmund
  2116 | D:3      | Killed Sigmund
  2117 | D:3      | Reached XP level 7. HP: 25/51 MP: 6/10
  2118 | D:3      | Engulfed by a cloud of flame

Illustrated notes

Levels and vault maps discovered:
D:1:      dpeg_arrival_pits, layout_basic, serial_shops,
          nicolae_shop_competitors_out_of_business
D:2:      layout_basic, dreamdust_ecumenical_altar_hidden_monk_grotto,
          lemuel_flame_loot_1
D:3:      minmay_chambers_of_threes, layout_loops_ring, cheibrodos_worm_habitat,
          serial_undead, serial_undead_c, serial_undead_e, serial_undead_f,
          serial_undead_c, serial_undead_a, serial_undead_b,
          hangedman_glass_teeth, grunt_ministairs_7, uniq_grinder, uniq_sigmund

Skill      XL: |  1  2  3  4  5  6 |
---------------+-------------------+-----
Hexes          | 4 5 |  5.5
Ranged Weapons | 3 4 |  4.1
Fighting       | 2 |  2.7
Spellcasting   | 2 |  2.4
Fire Magic     | 2 |  2.8
Dodging        | |  1.7

Action                   |  1- 3 |  4- 6 |  7- 9 || total
-------------------------+-------+-------+-------++-------
 Fire: Sling             |   125 |    55 |       ||   180
 Cast: Inner Flame       |       |     3 |       ||     3
       Slow              |       |     1 |       ||     1
 Abil: Dig               |       |     1 |       ||     1
Armor: Robe              |    11 |     3 |       ||    14
Dodge: Dodged            |    53 |    17 |       ||    70

Table legend: (Time is in decaauts)
 A = Elapsed time spent in this place.
 B = Non-inter-level travel time spent in this place.
 C = Inter-level travel time spent in this place.
 D = Time resting spent in this place.
 E = Time spent auto-exploring this place.
 F = Levels seen in this place.
 G = Mean time per level.
                   A        B        C        D        E       F      G
               +--------+--------+--------+--------+--------+-----+--------+
         Total |   2169 |   2113 |     56 |    130 |   1601 |   3 |  723.0 |
       Dungeon |   2169 |   2113 |     56 |    130 |   1601 |   3 |  723.0 |
               +--------+--------+--------+--------+--------+-----+--------+

Top non-repeatable levels by time:
     D:1: 1019 daAuts
     D:2: 1016 daAuts
     D:3: 132 daAuts
